Map: King's Cove LE

Players

wootwoot

  • Race: Terran Terran
  • League: Platinum
  • Spawn Location: 5:00

nnwjs - Winner!

  • Race: Terran Terran
  • League: Diamond
  • Spawn Location: 11:00

VOD

Have the link to the VOD?

Description

Time

  • Played on: April 1, 2025, 8:29 p.m.
  • Length: 1:43
Show
View Real Time Build Order
Export as new Build Order

wootwoot Terran 

Build Orders:  

Get SALT Encoding   

  12  0:00  SCV  
  13  0:12  SCV  
  14  0:19  Supply Depot  
  14  0:25  SCV  
  15  0:32  Refinery  
  15  0:41  SCV  
  16  0:52  Barracks  
Show
View Real Time Build Order
Export as new Build Order

nnwjs Terran - Winner!

Build Orders:  

Get SALT Encoding   

  12  0:00  SCV  
  13  0:16  Supply Depot  
  13  0:19  SCV  
  14  0:31  SCV  
  15  0:42  Barracks  
  15  0:57  SCV  
  16  1:10  SCV  
  17  1:17  Barracks  
  17  1:22  SCV  
  19  1:38  Supply Depot  
Tags
 
Matchup
TvT
Race
Terran
Replay Pack
B2M-Replays
Spawn Locations
Cross Positions
Add a new tag
Caveats
  • Supply blocks, unpowered buildings, or Contaminate may cause inaccurate times.
  • Supply counts are checked every 10 seconds.